AoeStats
← Mono_Alum

Arena

510305929Analyzed
4v4 RM · 1d ago on Sep 30, 2026· 44m 21s· 8 players
Game mode
Random Map
Map size
Large (8 player)
Population
200
Speed
Normal
Resources
Standard
Victory
Conquest
Starting age
Dark Age
Ending age
Imperial Age
RankedLock teamsTeams togetherTeam positionsShared explorationLock speedFull tech treeHidden civsTurbo modeCheats
Victory
Defeat
🇲🇾 Spanish · Malaysia
963
+13
🇧🇷 Cumans · Brazil
957
+13
🇨🇳 Khmer · China
909
+15
🇸🇪 Japanese · Sweden
808
+19
🇫🇷 Britons · France
941
-17
🇮🇹 Burgundians · Italy
876
-15
🇮🇹 Saracens · Italy
875
-14
🇬🇧 Muisca · United Kingdom
855
-14
Sneaky Brit
5:30 Loom
9:55 Feudal Age
12:00 Double-Bit Axe
12:00 Horse Collar
19:22 Castle Age
18:01 Stone Mining
20:12 Heavy Plow
20:25 Bow Saw
Professor Bubba
2:25 Loom
10:41 Feudal Age
14:17 Double-Bit Axe
16:21 Wheelbarrow
18:03 Castle Age
19:52 Wheelbarrow
20:45 Stone Mining
20:50 Horse Collar
21:35 Heavy Plow
21:33 Gold Mining
27:05 Fletching
27:16 Padded Archer Armor
28:32 Ballistics
30:30 Forging
30:17 Bodkin Arrow
30:39 Leather Archer Armor
34:04 Imperial Age
31:52 Hand Cart
31:23 Town Watch
32:53 Gold Shaft Mining
32:28 Crossbowman
33:19 Thumb Ring
33:55 Masonry
34:07 Devotion
35:13 Conscription
34:14 Elite Mameluke
38:59 Chemistry
39:01 Bracer
39:32 Ring Archer Armor
bru ofcris
12:15 Feudal Age
16:20 Castle Age
14:24 Double-Bit Axe
14:48 Gold Mining
14:56 Stone Mining
17:00 Forging
19:45 Wheelbarrow
21:20 Bow Saw
21:52 Scale Barding Armor
21:40 Town Watch
21:41 Loom
22:43 Iron Casting
23:10 Pikeman
23:50 Squires
25:25 Husbandry
26:39 Hand Cart
26:32 Town Patrol
29:12 Gold Shaft Mining
33:48 Imperial Age
32:23 Chain Barding Armor
31:56 Fletching
32:51 Scale Mail Armor
33:35 Padded Archer Armor
33:31 Bodkin Arrow
34:11 Ballistics
33:48 Murder Holes
33:35 Treadmill Crane
35:36 Chemistry
34:14 Halberdier
34:40 Arson
36:36 Blast Furnace
36:17 Conscription
36:25 Bracer
37:00 Elite Longbowman
37:24 Cavalier
38:37 Chain Mail Armor
38:20 Capped Ram
41:29 Plate Barding Armor
41:51 Masonry
44:20 Leather Archer Armor
tommaso15
2:55 Loom
11:11 Double-Bit Axe
13:01 Feudal Age
18:19 Castle Age
17:49 Stone Mining
17:50 Gold Mining
18:15 Bow Saw
23:52 Stone Shaft Mining
26:27 Forging
31:41 Burgundian Vineyards
31:45 Scale Barding Armor
32:16 Iron Casting
37:32 Wheelbarrow
HaweN
10:35 Feudal Age
23:07 Castle Age
21:56 Fletching
23:42 Capped Ram
25:09 Wheelbarrow
25:55 Double-Bit Axe
27:53 Gold Mining
29:23 Horse Collar
30:37 Town Watch
33:47 Gold Shaft Mining
34:50 Hand Cart
34:50 Heavy Plow
35:07 Forging
35:30 Bow Saw
35:15 Stone Mining
39:46 Imperial Age
38:30 Elite Skirmisher
38:33 Crossbowman
39:18 Thumb Ring
44:52 Two-Man Saw
43:56 Padded Archer Armor
43:51 Bodkin Arrow
44:59 Chemistry
44:57 Parthian Tactics
nels
5:47 Loom
9:41 Feudal Age
10:24 Horse Collar
10:32 Double-Bit Axe
11:35 Wheelbarrow
17:16 Castle Age
16:10 Gold Mining
16:13 Stone Mining
19:05 Gold Shaft Mining
19:19 Heavy Plow
20:40 Bow Saw
44:18 Imperial Age
雷欧
10:04 Feudal Age
13:53 Castle Age
11:48 Horse Collar
12:14 Double-Bit Axe
18:55 Wheelbarrow
18:49 Bow Saw
20:58 Heavy Plow
22:21 Gold Mining
24:00 Hand Cart
27:32 Imperial Age
24:48 Loom
24:48 Town Watch
25:25 Stone Mining
26:10 Gold Shaft Mining
25:30 Fletching
26:44 Bodkin Arrow
26:55 Devotion
27:07 Loom
27:51 Ballistics
29:30 Stone Shaft Mining
29:32 Crop Rotation
31:16 Conscription
30:57 Double Crossbow
30:59 Tusk Swords
30:23 Elite Ballista Elephant
32:44 Husbandry
32:54 Bloodlines
32:10 Elite Battle Elephant
33:02 Scale Barding Armor
33:00 Bracer
33:02 Padded Archer Armor
34:50 Chain Barding Armor
36:37 Chemistry
35:45 Siege Engineers
36:01 Leather Archer Armor
41:46 Ring Archer Armor
41:52 Plate Barding Armor
Mono_Alum
10:30 Feudal Age
11:34 Loom
15:55 Castle Age
14:38 Double-Bit Axe
14:46 Horse Collar
17:26 Bow Saw
22:38 Bloodlines
23:23 Forging
25:07 Scale Barding Armor
27:02 Town Watch
27:39 Chain Barding Armor
28:04 Iron Casting
30:02 Wheelbarrow
30:08 Fletching
33:26 Imperial Age
32:09 Husbandry
33:40 Hand Cart
34:55 Plate Barding Armor
35:52 Blast Furnace
35:21 Block Printing
36:40 Two-Man Saw
35:41 Heavy Plow
36:22 Scale Mail Armor
35:57 Cavalier
39:29 Chemistry
39:11 Bodkin Arrow
39:29 Masonry
40:46 Elite Conquistador
43:35 Guilds
43:41 Fervor
43:52 Sanctity
44:38 Conscription
Connection lost

Rejoining the realm…

Still unreachable

The connection could not be restored.

Session expired

The server has moved on; the page needs a fresh start.